Map: Ascension to Aiur LE

Players

SamuraiFunn

  • Race: Protoss Protoss
  • Spawn Location: 11:00

A.I. 1 (Harder) - Winner!

  • Race: Protoss Protoss
  • Spawn Location: 5:00

VOD

Have the link to the VOD?

Description

Time

  • Played on: Nov. 9, 2017, 9:32 p.m.
  • Length: 5:13
Show
View Real Time Build Order
Export as new Build Order

SamuraiFunn Protoss 

Build Orders:  

Get SALT Encoding   

  12  0:01  Probe (Chrono Boost)  
  13  0:12  Probe (Chrono Boost)  
  14  0:21  Pylon  
  14  0:23  Probe (Chrono Boost)  
  15  0:39  Probe (Chrono Boost)  
  15  0:40  Gateway  
  16  0:54  Probe (Chrono Boost)  
  17  1:05  Probe (Chrono Boost)  
  18  1:13  Gateway  
  18  1:18  Pylon  
  18  1:21  Probe (Chrono Boost)  
  18  1:23  Assimilator  
  19  1:32  Probe (Chrono Boost)  
  20  1:49  Cybernetics Core  
  20  1:51  Probe (Chrono Boost)  
  20  1:52  Assimilator  
  21  2:02  Probe (Chrono Boost)  
  22  2:12  Zealot x2  
  22  2:13  Probe (Chrono Boost)  
  27  2:23  Probe (Chrono Boost)  
  28  2:30  Nexus  
  28  2:34  Probe (Chrono Boost)  
  28  2:35  Pylon  
  29  2:44  Probe (Chrono Boost)  
  29  2:45  Twilight Council  
  30  2:56  Warp Gate  
  30  3:03  Probe (Chrono Boost)  
  31  3:24  Probe (Chrono Boost)  
  32  3:29  Stargate, Assimilator  
  32  3:41  Assimilator  
  32  3:52  Gateway  
  32  4:09  Probe (Chrono Boost)  
  33  4:18  Probe (Chrono Boost)  
  34  4:30  Probe x2 (Chrono Boost)  
  40  4:59  Probe x2 (Chrono Boost)  
Show
View Real Time Build Order
Export as new Build Order

A.I. 1 (Harder) Protoss - Winner!

Build Orders:  

Get SALT Encoding   

  12  0:01  Probe (Chrono Boost)  
  13  0:11  Probe (Chrono Boost)  
  14  0:20  Pylon  
  14  0:22  Probe (Chrono Boost)  
  15  0:38  Probe (Chrono Boost)  
  16  0:47  Assimilator  
  16  0:49  Probe (Chrono Boost)  
  17  0:51  Gateway  
  17  0:59  Probe (Chrono Boost)  
  17  1:01  Pylon  
  18  1:10  Probe (Chrono Boost)  
  19  1:21  Probe (Chrono Boost)  
  20  1:35  Zealot  
  22  1:41  Cybernetics Core  
  22  1:43  Gateway  
  22  1:46  Assimilator  
  22  2:03  Pylon  
  22  2:13  Zealot, Warp Gate  
  24  2:28  Stalker  
  26  2:38  Stalker  
  28  2:45  Pylon  
  28  2:57  Stalker  
  31  3:06  Probe (Chrono Boost)  
  31  3:07  Adept  
  33  3:18  Probe (Chrono Boost)  
  34  3:21  Pylon  
  34  3:25  Stalker  
  34  3:29  Probe (Chrono Boost)  
  34  3:33  Adept  
  37  3:36  Forge  
  40  3:41  Probe (Chrono Boost)  
  40  3:53  Probe (Chrono Boost), Stalker  
  43  4:05  Probe (Chrono Boost)  
  44  4:32  Sentry  
  44  4:34  Gateway  
  44  4:36  Pylon  
  46  4:40  Stalker  
  48  4:48  Twilight Council  
  48  4:55  Stalker  
  48  4:56  Nexus  
  50  5:04  Stalker  
Tags
 
Matchup
PvP
Replay Pack
First 100 games
Spawn Locations
Cross Positions
Add a new tag
Caveats
  • Supply blocks, unpowered buildings, or Contaminate may cause inaccurate times.
  • Supply counts are checked every 10 seconds.